 Dungeon Crawl Stone Soup version 0.28.0-1-gb440e238dd (webtiles) character file.

Game seed: 18370478999006342330

1006 Kaptain the Digger (level 8, -14/51 HPs)
             Began as an Octopode Earth Elementalist on Feb 19, 2022.
             Demolished by an orc warrior (19 damage)
             ... on level 6 of the Dungeon.
             The game lasted 00:16:16 (6746 turns).

Kaptain the Digger (Octopode Earth Elementalist)    Turns: 6746, Time: 00:16:17

Health: -14/51     AC:  1    Str:  7    XL:     8   Next: 20%
Magic:  10/14      EV: 14    Int: 19    God:
Gold:   188        SH:  0    Dex: 13    Spells: 8/15 levels left

rFire   + . .      SeeInvis .   r - +8 Vampire's Tooth {vamp}
rCold   . . .      Faith    .   (no shield)
rNeg    . . .      Spirit   .   (helmet restricted)
rPois   .          Reflect  .   (no amulet)
rElec   .          Harm     .   o - ring of protection from fire
rCorr   .          Rampage  .   (no ring)
Will    .....                   (no ring)
Stlth   ++++......              (no ring)
HPRegen 0.17/turn               (no ring)
MPRegen 0.14/turn               (no ring)
                                (no ring)
                                (no ring)

@: flying
A: almost no armour, amphibious, 8 rings, camouflage 1, gelatinous body 1,
(nimble swimmer 1), tentacles
a: no special abilities


You were on level 6 of the Dungeon.
You visited 1 branch of the dungeon, and saw 6 of its levels.
You also visited: Sewer.

You collected 188 gold pieces.

Inventory:

Hand Weapons
 d - a +0 short sword
 f - a +0 war axe
 r - the +8 Vampire's Tooth (weapon) {vamp}
   (You found it in a sewer)

   It occasionally heals its wielder for the full amount of damage dealt when it
   wounds a living foe.
 w - a +0 hunting sling
 y - a +0 trident of protection
Missiles
 b - 73 stones
 g - 6 poisoned darts (quivered)
Armour
 c - a +0 buckler
Magical Staves
 s - a staff of poison
Jewellery
 o - a ring of protection from fire (left tentacle)
Wands
 j - a wand of iceblast (8)
 u - a wand of acid (10)
 v - a wand of polymorph (6)
Scrolls
 e - a scroll of immolation {unknown}
 h - a scroll of fog {unknown}
 i - 2 scrolls of torment {unknown}
 k - 3 scrolls of magic mapping {unknown}
 p - a scroll of silence {unknown}
 t - a scroll of teleportation {unknown}
 A - a scroll of blinking {unknown}
Potions
 a - a potion of mutation {unknown}
 l - a potion of haste
 m - 2 potions of flight
 n - 2 potions of brilliance {unknown}
 q - a potion of invisibility {unknown}
 x - 2 potions of curing {unknown}
 z - 2 potions of might {unknown}


   Skills:
 + Level 2.5 Fighting
 + Level 3.3 Dodging
 + Level 5.0 Stealth
 + Level 2.5 Shields
 * Level 4.3 Spellcasting
 * Level 3.6 Conjurations
 - Level 1.0 Transmutations
 * Level 5.2 Earth Magic


You had 8 spell levels left.
You knew the following spells:

 Your Spells              Type           Power      Damage    Failure   Level
a - Sandblast             Erth           46%        2d11      1%          1
b - Stone Arrow           Conj/Erth      40%        3d9       7%          3
c - Swiftness             Air            4%         N/A       38%         3

Your spell library contained the following spells:

 Spells                   Type           Power      Damage    Failure   Level
 Passwall                 Tmut/Erth      12%        N/A       5%          2
 Ensorcelled Hibernation  Hex/Ice        8%         N/A       21%         2
 Petrify                  Tmut/Erth      15%        N/A       36%         4
 Conjure Ball Lightning   Conj/Air       5%         3x3d6     100%        6
 Discord                  Hex            2%         N/A       100%        8
 Disjunction              Tloc           2%         N/A       100%        8


Dungeon Overview and Level Annotations

Branches:
Dungeon (6/15)             Temple (0/1) D:4           Sewer (visited)

Altars:
Trog


Innate Abilities, Weirdness & Mutations

You cannot wear most types of armour.
You are amphibious.
You can wear up to eight rings at the same time.
Your skin changes colour to match your surroundings (Stealth+).
Your rubbery body absorbs attacks. (AC +1, EV +1)
((You are camouflaged when in or above water. (Stealth+)))
You have tentacles for arms and can constrict up to eight enemies at once.


Message History

Confirm with . or Enter, or press ? or * to list all spells.
Aiming: Sandblast (safe; 1% risk of failure)
Press: ? - help, Shift-Dir - straight line, f - orc warrior
Aim: an orc warrior, wielding a +0 war axe and wearing a +0 plate armour (81% to hit)
The blast of sand hits the orc warrior but does no damage.
b - 76 stones Unknown command.
Casting: Sandblast (safe; 1% risk of failure)
Confirm with . or Enter, or press ? or * to list all spells.
Aiming: Sandblast (safe; 1% risk of failure)
Press: ? - help, Shift-Dir - straight line, f/p - orc warrior
Aim: an orc warrior, wielding a +0 war axe and wearing a +0 plate armour (81% to hit)
The blast of sand hits the orc warrior but does no damage.
b - 75 stones The orc warrior hits you with a +0 war axe!
Casting: Sandblast (safe; 1% risk of failure)
Confirm with . or Enter, or press ? or * to list all spells.
Aiming: Sandblast (safe; 1% risk of failure)
Press: ? - help, Shift-Dir - straight line, f/p - orc warrior
Aim: an orc warrior, wielding a +0 war axe and wearing a +0 plate armour (81% to hit)
The blast of sand hits the orc warrior.
The orc warrior is lightly wounded.
b - 74 stones The orc warrior hits you with a +0 war axe!
Casting: Sandblast (safe; 1% risk of failure)
Confirm with . or Enter, or press ? or * to list all spells.
Aiming: Sandblast (safe; 1% risk of failure)
Press: ? - help, Shift-Dir - straight line, f/p - orc warrior
Aim: an orc warrior, wielding a +0 war axe and wearing a +0 plate armour (lightly wounded, 81% to hit)
The blast of sand hits the orc warrior but does no damage.
The orc warrior is lightly wounded.
b - 73 stones The orc warrior hits you with a +0 war axe!
* * * LOW HITPOINT WARNING * * *
Unknown command.
It was a potion of flight.
You feel very buoyant.
You fly up into the air.
The orc warrior hits you with a +0 war axe!!
You die...

..(## ..o# . ..#
.####### #o#
....<..# #.#
.#..##.# #.#
.#..##.# #.#
.....#.# #######.#
.#...#.#####....@oo#
.#...........#######
.......#######
.####### .


You could see an orc warrior and an orc priest.

Vanquished Creatures
  A water moccasin (D:4)
  A centaur (D:5)
  A gnoll sergeant (D:5)
  2 bullfrogs (Sewer)
  2 scorpions (D:5)
  A water moccasin skeleton (D:5)
  A jelly (D:5)
  4 hounds
  A centaur skeleton (D:5)
  An iguana (D:5)
  3 hound skeletons (D:4)
  A howler monkey skeleton (D:6)
  7 gnolls
  2 adders
  A white imp (D:4)
  An ufetubus (D:5)
  An adder zombie (D:4)
  2 worms
  4 dart slugs
  7 orcs
  11 endoplasms
  6 giant cockroaches
  5 goblins
  3 hobgoblins
  8 jackals
  6 kobolds
  6 quokkas
  10 ball pythons
  9 bats
  6 frilled lizards
  6 rats
120 creatures vanquished.

Notes
Turn   | Place    | Note
-------+----------+-------------------------------------------
     0 | D:1      | Kaptain the Octopode Earth Elementalist began the quest for
                  | the Orb.
     0 | D:1      | Reached XP level 1. HP: 11/11 MP: 3/3
   330 | D:1      | Reached XP level 2. HP: 17/17 MP: 1/5
  1091 | D:1      | Found a faded altar of an unknown god.
  1154 | D:2      | Reached XP level 3. HP: 18/22 MP: 1/6
  1158 | D:2      | Learned a level 3 spell: Stone Arrow
  1991 | D:2      | Reached XP level 4. HP: 5/27 MP: 0/7
  2768 | D:3      | Reached skill level 1 in Fighting
  2768 | D:3      | Reached skill level 1 in Shields
  2768 | D:3      | Reached skill level 1 in Conjurations
  3042 | D:3      | Reached XP level 5. HP: 23/33 MP: 7/9
  3948 | D:4      | Noticed a water moccasin
  3959 | D:4      | Killed a water moccasin
  3960 | D:4      | Reached XP level 6. HP: 19/38 MP: 5/10
  4237 | D:4      | Found a staircase to the Ecumenical Temple.
  4452 | D:4      | Identified the +2 chain mail of the Pure Xeniums {rF- Dex+3
                  | SInv}
  4739 | D:5      | Entered Level 5 of the Dungeon
  5048 | D:5      | Found a glowing drain.
  5066 | Sewer    | Entered a sewer
  5260 | Sewer    | Found the +8 Vampire's Tooth {vamp}
  5276 | Sewer    | Reached XP level 7. HP: 34/44 MP: 7/12
  5687 | D:5      | Paralysed by a gnoll sergeant for 6 turns
  5695 | D:5      | Paralysed by a gnoll sergeant for 6 turns
  5923 | D:5      | Learned a level 3 spell: Swiftness
  5947 | D:5      | Found a bloodstained altar of Trog.
  6191 | D:5      | Reached skill level 5 in Earth Magic
  6278 | D:5      | Reached XP level 8. HP: 51/51 MP: 12/14
  6700 | D:6      | Reached skill level 5 in Stealth
  6746 | D:6      | Demolished by an orc warrior

Illustrated notes

Levels and vault maps discovered:
D:1:      lightli_arrival_quake, layout_basic,
          shapermc_ecumenical_altar_mp_urbaneastern
D:2:      layout_basic, minmay_misc_feat_rugged
D:3:      layout_basic, minmay_diced_spiral
D:4:      layout_rooms, minmay_temple_entry_glass, minmay_small_thing
D:5:      layout_rooms, mainiacjoe_overflow_concentric_impassable, serial_glass,
          glass_columns_a, glass_columns_a, cheibrodos_sewer_entry_sluice,
          supply_closet_lemuel, grunt_decor_one_mirror, cheibrodos_gnoll_hut
D:6:      layout_loops_cross, lightli_orcish_oven, uniq_eustachio, uniq_edmund

Skill      XL: |  1  2  3  4  5  6  7  8 |
---------------+-------------------------+-----
Stealth        | 3 4 5 |  5.0
Fighting       | 1 2 |  2.5
Shields        | 1 2 |  2.5
Conjurations   | 1 2 3 |  3.6
Spellcasting   | 3 4 |  4.3
Earth Magic    | 4 5 |  5.2
Dodging        | 3 |  3.3
Transmutations | |  1.0

Action                   |  1- 3 |  4- 6 |  7- 9 || total
-------------------------+-------+-------+-------++-------
Melee: Unarmed           |    25 |       |       ||    25
       Constrict         |    18 |     8 |     4 ||    30
       Tentacles         |    13 |    10 |     3 ||    26
       Short sword       |    27 |    40 |       ||    67
       Punch             |     1 |       |       ||     1
       Quick blade       |       |       |    17 ||    17
 Fire: Hunting sling     |       |       |    42 ||    42
Throw: Dart              |     7 |       |       ||     7
       Stone             |     2 |       |       ||     2
 Cast: Sandblast         |    35 |    65 |    43 ||   143
       Stone Arrow       |       |       |     6 ||     6
Evoke: Wand              |       |       |     1 ||     1
  Use: Scroll            |       |     2 |       ||     2
       Potion            |       |     2 |     1 ||     3
 Stab: Sleeping          |     4 |     7 |     1 ||    12
Armor: Skin              |     9 |     4 |       ||    13
Dodge: Dodged            |    48 |    44 |    18 ||   110
